 Dungeon Crawl Stone Soup version 0.27.0-1-g7a089689b8 (webtiles) character file.

Game seed: 16230431122785506469

262 lnt the Cleaver (level 5, -1/45 HPs)
             Began as a Minotaur Berserker on Aug 12, 2021.
             Was a Priest of Trog.
             Killed by nerve-wracking pain
             ... invoked by an orc priest
              (13 damage)
             ... on level 4 of the Dungeon on Aug 13, 2021.
             The game lasted 00:05:58 (3483 turns).

lnt the Cleaver (Minotaur Berserker)                Turns: 3483, Time: 00:05:58

Health: -1/45      AC:  6    Str: 23    XL:     5   Next: 97%
Magic:  4/4        EV: 11    Int:  4    God:    Trog [***...]
Gold:   152        SH:  0    Dex:  9    Spells: 4/4 levels left

rFire    + . .     SeeInvis .   a - +0 hand axe
rCold    . . .     Faith    .   (no shield)
rNeg     . . .     Spirit   .   d - +1 ring mail {rF+}
rPois    .         Reflect  .   (helmet restricted)
rElec    .         Harm     .   (no cloak)
rCorr    .         Rampage  .   (no gloves)
Will     .....                  (no boots)
Stlth    ..........             (no amulet)
HPRegen  0.15/turn              (no ring)
MPRegen  0.09/turn              (no ring)

@: no status effects
A: horns 2, retaliatory headbutt
a: Renounce Religion, Berserk, Trog's Hand


You were on level 4 of the Dungeon.
You worshipped Trog.
Trog was most pleased with you.
You visited 1 branch of the dungeon, and saw 4 of its levels.

You collected 152 gold pieces.

Inventory:

Hand Weapons
 a - a +0 hand axe (weapon)
Missiles
 g - 95 stones (quivered)
Armour
 b - a +0 animal skin
 d - a +1 ring mail of fire resistance (worn)
Jewellery
 l - a ring of protection from fire
Wands
 o - a wand of flame (22)
Scrolls
 c - 4 scrolls of identify {unknown}
 e - 3 scrolls of immolation {unknown}
 j - a scroll of magic mapping {unknown}
 m - 2 scrolls of teleportation {unknown}
Potions
 f - a potion of degeneration {unknown}
 h - 2 potions of invisibility {unknown}
 i - a potion of haste {unknown}
 k - a potion of might {unknown}
 n - a potion of attraction {unknown}
 p - a potion of magic {unknown}


   Skills:
 - Level 3.6 Fighting
 + Level 8.1 Axes
 - Level 2.4 Armour
 - Level 2.1 Dodging


You had 4 spell levels left.
You didn't know any spells.
Your spell library was empty.

Dungeon Overview and Level Annotations

Branches:
Dungeon (4/15)
 Temple: D:4-7

Altars:

Shops:
D:2 [=


Innate Abilities, Weirdness & Mutations

You have a pair of horns on your head.
You reflexively headbutt those who attack you in melee.


Message History

The hound skeleton bites you but does no damage.
You barely miss the orc wizard.
The orc wizard is severely wounded.
You closely miss the orc. You hit the hound skeleton.
The hound skeleton closely misses you. The orc hits you with a +0 flail!
You hit the orc wizard but do no damage.
The orc wizard is severely wounded.
You barely miss the hound skeleton. You hit the orc but do no damage.
The orc wizard hits you but does no damage.
The hound skeleton completely misses you.
You furiously retaliate!
You headbutt the hound skeleton! The orc closely misses you.
You slash the orc wizard!
You kill the orc wizard!
Trog accepts your kill.
Trog appreciates your killing of a magic user.
You closely miss the orc. You barely miss the hound skeleton.
The hound skeleton bites you.
Your Axes skill increases to level 8!
You hit the orc.
The orc is heavily wounded.
You barely miss the hound skeleton. The orc completely misses you.
The hound skeleton bites you but does no damage.
You hit the orc.
You kill the orc!
Trog accepts your kill.
You hit the hound skeleton. The hound skeleton barely misses you.
You furiously retaliate!
You headbutt the hound skeleton!
You destroy the hound skeleton!
Trog accepts your kill.
You start resting.
An orc priest is nearby!
An orc priest is nearby!
The orc priest shouts!
The orc priest invokes the aid of Beogh against you.
Beogh smites you!
* * * LOW HITPOINT WARNING * * *
The orc priest invokes the aid of Beogh against you.
Pain shoots through your body!
You die...

##.### #....##
##.....# #.....
#...#### ###.....## ##
#..<##...##
#.###..#...##.####
##......#..###@...##
.......##..........##
..........o...##....#
.....o....###.#.......
$...........#.........
........##............
........).............
........))....#.......
.........)#)###....#.


You could see an orc priest.

Vanquished Creatures
  An orc priest (D:4)
  3 orc wizards (D:4)
  A hound skeleton (D:4)
  7 adders
  4 dart slugs
  3 orcs (D:4)
  4 ball pythons
  3 endoplasms
  6 giant cockroaches
  8 hobgoblins
  3 jackals (D:1)
  2 quokkas
  3 bats (D:2)
  A frilled lizard (D:1)
  11 goblins
  8 kobolds
  7 rats
75 creatures vanquished.

Notes
Turn   | Place    | Note
-------+----------+-------------------------------------------
     0 | D:1      | lnt the Minotaur Berserker began the quest for the Orb.
     0 | D:1      | Reached XP level 1. HP: 19/19 MP: 0/0
   167 | D:1      | Reached skill level 4 in Axes
   208 | D:1      | Reached XP level 2. HP: 14/26 MP: 1/1
  1076 | D:2      | Found Zufam's Jewellery Shoppe.
  1081 | D:2      | Reached ** piety under Trog
  1094 | D:2      | Reached skill level 5 in Axes
  1143 | D:2      | Reached XP level 3. HP: 31/31 MP: 2/2
  1153 | D:2      | Found Heh Mekk's Antique Armour Emporium.
  1676 | D:2      | Reached skill level 6 in Axes
  1676 | D:2      | Reached XP level 4. HP: 23/39 MP: 3/3
  2561 | D:3      | Reached *** piety under Trog
  3379 | D:4      | Reached XP level 5. HP: 42/45 MP: 4/4
  3380 | D:4      | Reached skill level 7 in Axes
  3466 | D:4      | Reached skill level 8 in Axes
  3483 | D:4      | Killed from afar by an orc priest

Illustrated notes

Levels and vault maps discovered:
D:1:      minmay_arrival_plants_in_alcoves, layout_loops_ring
D:2:      minmay_razor_zed, layout_rooms, serial_shops, nicolae_shop_trees,
          nicolae_diamond_shop, kennysheep_generic_room_9
D:3:      layout_basic
D:4:      layout_cave_pools, cheibrodos_sewer_entry_sluice

Skill      XL: |  1  2  3  4  5 |
---------------+----------------+-----
Axes           | 4 5 6 8 |  8.1
Fighting       | |  3.6
Armour         | |  2.4
Dodging        | |  2.1

Action                   |  1- 3 |  4- 6 || total
-------------------------+-------+-------++-------
Melee: Hand axe          |   100 |    74 ||   174
       Headbutt          |    14 |     7 ||    21
Invok: Berserk           |       |     1 ||     1
Armor: Animal skin       |     5 |       ||     5
       Ring mail         |    26 |    32 ||    58
Dodge: Dodged            |    69 |    51 ||   120
